 Dungeon Crawl Stone Soup version 0.26-a0-30-g56b8cd3df0 (webtiles) character file.

Game seed: 451401353898196352, levelgen mode: deterministic

58 grindst0ne the Skirmisher (level 4, -1/37 HPs)
             Began as a Human Fighter on June 2, 2020.
             Killed by nerve-wracking pain
             ... invoked by an orc priest
              (14 damage)
             ... on level 3 of the Dungeon.
             The game lasted 00:02:27 (1869 turns).

grindst0ne the Skirmisher (Human Fighter)           Turns: 1869, Time: 00:02:27

Health: -1/37      AC:  7    Str: 16    XL:     4   Next: 20%
Magic:  4/4        EV:  6    Int:  9    God:
Gold:   87         SH:  9    Dex: 19    Spells: 3/3 levels left

rFire    . . .     SeeInvis .   a - +0 war axe
rCold    . . .     Gourm    .   c - +0 kite shield
rNeg     . . .     Faith    .   b - +0 scale mail
rPois    .         Spirit   .   u - +0 helmet
rElec    .         Reflect  .   (no cloak)
rCorr    .         Harm     .   (no gloves)
MR       .....                  (no boots)
Stlth    ..........             k - amulet of the acrobat
HPRegen  0.12/turn              r - +6 ring of dexterity
MPRegen  0.09/turn              (no ring)

@: no status effects
A: no striking features
a: no special abilities


You were on level 3 of the Dungeon.
You were not hungry.

You visited 1 branch of the dungeon, and saw 3 of its levels.

You collected 87 gold pieces.

Inventory:

Hand Weapons
 a - a +0 war axe (weapon)
Armour
 b - a +0 scale mail (worn)
 c - a +0 kite shield (worn)
 g - a +0 plate armour
 u - a +0 helmet (worn)
Jewellery
 k - an amulet of the acrobat (around neck)
 r - a +6 ring of dexterity (left hand)
 t - an uncursed ring of magical power {unknown}
 v - a +6 ring of strength
Scrolls
 e - a scroll of fog {unknown}
 h - a scroll of enchant weapon {unknown}
 j - a scroll of teleportation {unknown}
 l - 3 scrolls of identify {unknown}
 m - 6 scrolls of remove curse {unknown}
 o - 2 scrolls of enchant armour {unknown}
 s - a scroll of fear {unknown}
Potions
 d - a potion of might
 i - a potion of ambrosia {unknown}
 n - a potion of curing {unknown}
 p - 2 potions of flight {unknown}
 q - a potion of stabbing {unknown}
 w - a potion of haste {unknown}
Comestibles
 f - 6 rations


   Skills:
 + Level 4.0 Fighting
 + Level 3.2 Axes
 - Level 3.0 Armour
 - Level 3.0 Shields


You had 3 spell levels left.
You didn't know any spells.
Your spell library was empty.

Dungeon Overview and Level Annotations

Branches:
Dungeon (3/15)

Altars:
Sif Muna
The Shining One


Message History

You closely miss the orc priest. The orc priest barely misses you.
You block the orc priest's attack. The orc priest closely misses you.
You hit the orc priest.
The orc priest is lightly wounded.
You barely miss the orc priest.
The orc priest hits you but does no damage.
The orc priest barely misses you.
You closely miss the orc priest. x2; The orc priest hits you.
You block the orc priest's attack. The orc priest barely misses you.
You closely miss the orc priest.
You hit the orc priest but do no damage.
The orc priest barely misses you. You block the orc priest's attack.
The orc priest hits you but does no damage.
You slash the orc priest!
The orc priest is almost dead.
You hit the orc priest. You block the orc priest's attack.
The orc priest barely misses you.
The orc priest mumbles some strange prayers to Beogh against you.
Pain shoots through your body!
You die...

##############
#....).......#
#...o@.......#
#...)o.......#####
###..............#
.......#...##.##.#
.........>#.##.#
...###.###.#.##.#
#....... ..#....#
#...##.#####....#
..........#....#


You could see 2 orc priests.

Vanquished Creatures
  2 dart slugs (D:1)
  2 worms (D:3)
  2 leopard geckos (D:2)
  2 orcs (D:3)
  3 goblins
  8 hobgoblins
  7 jackals (D:1)
  2 quokkas (D:2)
  2 bats
  A frilled lizard (D:2)
  3 kobolds
  6 rats
40 creatures vanquished.

Notes
Turn   | Place    | Note
-------+----------+-------------------------------------------
     0 | D:1      | grindst0ne the Human Fighter began the quest for the Orb.
     0 | D:1      | Reached XP level 1. HP: 18/18 MP: 1/1
   149 | D:1      | Found a glowing golden altar of the Shining One.
   179 | D:1      | Reached XP level 2. HP: 24/24 MP: 2/2
   544 | D:1      | Reached XP level 3. HP: 21/29 MP: 3/3
  1467 | D:2      | Found a shimmering blue altar of Sif Muna.
  1830 | D:3      | Reached XP level 4. HP: 37/37 MP: 4/4
  1865 | D:3      | Reached skill level 4 in Fighting
  1869 | D:3      | Killed from afar by an orc priest

Illustrated notes

Levels and vault maps discovered:
D:1:      minmay_arrival_four_houses, layout_loops_cross, tso_metal_star
D:2:      layout_basic, lemuel_blue_sif_altar
D:3:      layout_basic, chequers_ecumenical_altar_simple, minmay_rat_hole

Skill      XL: |  1  2  3  4 |
---------------+-------------+-----
Axes           | 3 |  3.2
Fighting       | 4 |  4.0
Armour         | |  3.0
Shields        | |  3.0

Action                   |  1- 3 |  4- 6 || total
-------------------------+-------+-------++-------
Melee: War axe           |   115 |    12 ||   127
  Eat: Chunk             |     3 |       ||     3
Armor: Scale mail        |    59 |     5 ||    64
Dodge: Dodged            |    44 |     8 ||    52
Block: Kite shield       |    80 |     8 ||    88

Table legend:
 A = Non-vault XP
 B = Vault XP
 C = Vault XP percentage of total XP
 D = Non-vault monster count
 E = Vault monster count
 F = Vault count percentage of total count
                 A         B        C        D         E       F
            +---------+---------+-------+---------+---------+-------
      Total |      83 |       0 |   0.0 |      40 |       0 |   0.0
            +---------+---------+-------+---------+---------+-------
        D:1 |      44 |       0 |   0.0 |      23 |       0 |   0.0
        D:2 |      19 |       0 |   0.0 |      10 |       0 |   0.0
        D:3 |      20 |       0 |   0.0 |       7 |       0 |   0.0
            +---------+---------+-------+---------+---------+-------
